 Dungeon Crawl Stone Soup version 0.22-a0-192-g6ffc940 (webtiles) character file.

650 vishdafish the Bolt Thrower (level 7, -10/54 HPs)
             Began as a Demonspawn Hunter on Feb 16, 2018.
             Was a Follower of Yredelemnul.
             Killed by nerve-wracking pain
             ... invoked by an orc priest
              (14 damage)
             ... on level 5 of the Dungeon.
             The game lasted 00:08:32 (2906 turns).

vishdafish the Bolt Thrower (Demonspawn Hunter)     Turns: 2906, Time: 00:08:33

Health: -10/54     AC:  3    Str: 14    XL:     7   Next: 28%
Magic:  7/7        EV: 13    Int: 13    God:    Yredelemnul [*.....]
Gold:   92         SH:  0    Dex: 15    Spells: 6/6 levels left

rFire    . . .     SeeInvis .   a - +1 hand crossbow
rCold    . . .     Gourm    .   (no shield)
rNeg     . . .     Faith    .   c - +0 leather armour
rPois    .         Spirit   .   (helmet restricted)
rElec    .         Reflect  .   (no cloak)
rCorr    .         Harm     .   (no gloves)
MR       .....                  (no boots)
Stlth    +.........             (no amulet)
HPRegen  0.18/turn              q - +2 ring of strength
MPRegen  0.10/turn              (no ring)

@: no status effects
A: claws 1, horns 1, talons 2, spiny 1
a: Animate Remains, Renounce Religion


You were on level 5 of the Dungeon.
You worshipped Yredelemnul.
Yredelemnul was aware of your devotion.
You were very hungry.

You visited 1 branch of the dungeon, and saw 5 of its levels.

You collected 92 gold pieces.

Inventory:

Hand Weapons
 a - a +1 hand crossbow (weapon)
 b - a +0 short sword
 u - a +0 falchion
 x - a +0 long sword of electrocution
Missiles
 d - 40 bolts (quivered)
Armour
 c - a +0 leather armour (worn)
Jewellery
 p - an uncursed amulet of regeneration {unknown}
 q - a +2 ring of strength (left claw)
 r - an uncursed ring of protection from magic {unknown}
Scrolls
 g - 7 scrolls of identify {unknown}
 h - 2 scrolls of random uselessness {unknown}
 k - 2 scrolls of immolation {unknown}
 l - a scroll of amnesia {unknown}
 m - 2 scrolls of remove curse {unknown}
 n - a scroll of enchant weapon {unknown}
 t - a scroll of magic mapping {unknown}
 y - a scroll of teleportation {unknown}
Potions
 e - 4 potions of flight {unknown}
 i - a potion of resistance {unknown}
 j - a potion of might {unknown}
 o - a potion of degeneration {unknown}
 s - a potion of berserk rage {unknown}
 v - a potion of curing {unknown}
 w - a potion of cancellation {unknown}
 z - a potion of invisibility {unknown}
 A - a potion of heal wounds {unknown}
Comestibles
 f - 5 rations


   Skills:
 + Level 4.0 Fighting
 * Level 3.4 Long Blades
 - Level 5.0 Crossbows
 + Level 2.5 Armour
 + Level 3.1 Dodging
 - Level 0.9 Stealth


You had 6 spell levels left.
You didn't know any spells.

Dungeon Overview and Level Annotations

Branches:
Dungeon (5/15)
 Temple: D:4-7

Altars:
Ashenzari
Cheibriados
Elyvilon
Gozag
Makhleb
Nemelex Xobeh
Qazlal
Ru
Yredelemnul


Innate Abilities, Weirdness & Mutations

You have sharp fingernails.
You have a pair of small horns on your head.
You have razor-sharp toenails.
You are partially covered in sharp spines.


Message History

You shoot a bolt. The bolt hits the orc priest.
The orc priest is moderately wounded.
The orc priest is struck by your spines.
The orc priest hits you with a falchion!
The orc wizard gestures at you while chanting.
The magic dart hits you! The orc barely misses you.
The orc priest hits you with a falchion.
* * * LOW HITPOINT WARNING * * *
Okay, then.
Firing (i - inventory)
d - 41 bolts (quivered)
Press: ? - help, Shift-Dir - straight line, f/p - orc priest
Aim: an orc priest, wielding a falchion and wearing a leather armour (severely wounded)
You shoot a bolt. The bolt closely misses the orc priest.
The orc priest hits you with a falchion!
* * * LOW HITPOINT WARNING * * *
The orc is struck by your spines. The orc barely misses you.
The orc priest invokes the aid of Beogh against you.
Pain shoots through your body!
You die...
Your body rises from the dead as a mindless zombie.

#. ..## ##### #. #...
....# ##.## #.. ....##
###...# #..# ##.....#
#......#
#.#.###.###(.##
#.#...###.##)#.........
#.........###(.........
#...oo@=...............
###.oo###.###.)..(.....
#.oo# #.# #..........
#(..# #.# ##.......†.
#...# #.# #.........
...(. ... #........)
..#.## ..# #......(..
#..#. ..# #####.##..
#.###.


You could see an orc priest, an orc wizard and 4 orcs.

Vanquished Creatures
  A phantom (D:4)
  A crimson imp (D:5)
  A bullfrog zombie (D:5)
  A bullfrog skeleton (D:4)
  An orc priest (D:4)
  A centaur skeleton (D:4)
  3 iguanas (D:4)
  Jessica (D:3)
  2 worker ants (D:4)
  2 orc wizards
  A killer bee zombie (D:5)
  A gnoll (D:1)
  8 adders
  3 worms (D:2)
  3 leopard geckos
  14 orcs
  2 ball pythons
  8 bats
  4 giant cockroaches
  8 goblins
  5 hobgoblins
  4 jackals (D:5)
  5 kobolds
  A quokka (D:2)
  9 frilled lizards
  4 rats
94 creatures vanquished.

Notes
Turn   | Place    | Note
-------+----------+-------------------------------------------
     0 | D:1      | vishdafish the Demonspawn Hunter began the quest for the Orb.
     0 | D:1      | Reached XP level 1. HP: 16/16 MP: 1/1
    87 | D:1      | Reached skill level 4 in Crossbows
    87 | D:1      | Gained mutation: You have sharp toenails. [demonic ancestry]
    87 | D:1      | Reached XP level 2. HP: 22/22 MP: 2/2
   371 | D:1      | Reached XP level 3. HP: 27/27 MP: 3/3
   898 | D:2      | Gained mutation: You have a pair of small horns on your head. [demonic ancestry]
   898 | D:2      | Reached XP level 4. HP: 34/34 MP: 4/4
   952 | D:2      | Reached skill level 5 in Crossbows
  1061 | D:2      | Found a white marble altar of Elyvilon.
  1424 | D:3      | Noticed Jessica
  1435 | D:3      | Killed Jessica
  1497 | D:3      | Gained mutation: You have sharp fingernails. [demonic ancestry]
  1497 | D:3      | Reached XP level 5. HP: 25/40 MP: 5/5
  1770 | D:3      | Found a burning altar of Makhleb.
  1770 | D:3      | Found a shattered altar of Ashenzari.
  1775 | D:3      | Found a stormy altar of Qazlal.
  1776 | D:3      | Found a snail-covered altar of Cheibriados.
  1778 | D:3      | Found a sacrificial altar of Ru.
  1779 | D:3      | Found a basalt altar of Yredelemnul.
  1785 | D:3      | Became a worshipper of Yredelemnul the Dark
  1875 | D:4      | Reached skill level 1 in Long Blades
  1875 | D:4      | Reached skill level 1 in Armour
  1989 | D:4      | Gained mutation: You are partially covered in sharp spines. [demonic ancestry]
  1989 | D:4      | Reached XP level 6. HP: 47/47 MP: 6/6
  2666 | D:4      | Gained mutation: You have razor-sharp toenails. [demonic ancestry]
  2666 | D:4      | Reached XP level 7. HP: 48/53 MP: 7/7
  2704 | D:4      | Found a sparkling altar of Nemelex Xobeh.
  2705 | D:4      | Found an opulent altar of Gozag.
  2788 | D:5      | Entered Level 5 of the Dungeon
  2819 | D:5      | Reached * piety under Yredelemnul
  2906 | D:5      | Killed from afar by an orc priest

Vault maps used:
D:1:      noname_arrival_rooms_in_the_neighbourhood, grunt_decor_cap,
          st_stairs_4, feat_on_display
D:2:      elyvilon_altar_5, first_ration
D:3:      minitemple, uniq_jessica
D:4:      grunt_temple_overflow_opulence, grunt_ministairs_14
D:5:      basic_altar, amethyst_killhole, minivault_23, uniq_edmund

Skill      XL: |  1  2  3  4  5  6  7 |
---------------+----------------------+-----
Crossbows      | 4 5 |  5.0
Dodging        | 2 3 |  3.1
Fighting       | 3 4 |  4.0
Long Blades    | 2 3 |  3.4
Armour         | 1 2 |  2.5
Stealth        | |  0.9

Action                   |  1- 3 |  4- 6 |  7- 9 || total
-------------------------+-------+-------+-------++-------
Melee: Short sword       |     1 |       |       ||     1
       Falchion          |       |    22 |       ||    22
       Kick              |       |    19 |     3 ||    22
       Headbutt          |       |    11 |     3 ||    14
       Long sword        |       |    25 |    16 ||    41
 Fire: Hand crossbow     |    81 |    35 |    22 ||   138
 Stab: Sleeping          |       |     1 |       ||     1
  Eat: Chunk             |       |     5 |       ||     5
Armor: Leather armour    |     3 |    10 |     4 ||    17
Dodge: Dodged            |    10 |    41 |    12 ||    63
       Rpst.: Falchion   |       |     8 |       ||     8
       Long sword        |       |     9 |     1 ||    10

Table legend:
 A = Spawn XP
 B = Non-spawn XP
 C = Spawn XP percentage of total XP
 D = Spawn monster count
 E = Non-spawn monster count
 F = Spawn count percentage of total count
 G = Total turns spent on level
                    A         B        C        D         E        F      G
               +---------+---------+-------+---------+---------+-------+---------
         Total |       0 |     929 |   0.0 |       0 |      94 |   0.0 |  2906
               +---------+---------+-------+---------+---------+-------+---------
           D:1 |       0 |      56 |   0.0 |       0 |      25 |   0.0 |   733
           D:2 |       0 |      81 |   0.0 |       0 |      22 |   0.0 |   499
           D:3 |       0 |      68 |   0.0 |       0 |      12 |   0.0 |   634
           D:4 |       0 |     534 |   0.0 |       0 |      21 |   0.0 |   922
           D:5 |       0 |     190 |   0.0 |       0 |      14 |   0.0 |   118
               +---------+---------+-------+---------+---------+-------+---------
